 Dungeon Crawl Stone Soup version 0.23.1 (webtiles) character file.

Game seed: 9243080950371867513

60 Borgoz the Cutter (level 4, -1/37 HPs)
             Began as a Ghoul Gladiator on Mar 6, 2019.
             Was an Initiate of Dithmenos.
             Slain by Crazy Yiuf
             ... wielding a +4 quarterstaff of chaos
              (3 damage)
             ... while petrified by Crazy Yiuf
             ... on level 2 of the Dungeon.
             The game lasted 00:02:38 (1832 turns).

Borgoz the Cutter (Ghoul Gladiator)                 Turns: 1832, Time: 00:02:39

Health: -1/37      AC:  5    Str: 17    XL:     4   Next: 4%
Magic:  3/3        EV:  2    Int:  4    God:    Dithmenos [......]
Gold:   87         SH:  0    Dex: 10    Spells: 3/3 levels left

rFire    . . .     SeeInvis .   a - +0 rapier
rCold    + . .     Gourm    .   (no shield)
rNeg     + + +     Faith    .   b - +0 leather armour
rPois    ∞         Spirit   .   c - +0 helmet
rElec    .         Reflect  .   (no cloak)
rCorr    .         Harm     .   n - +0 pair of gloves
MR       .....                  (no boots)
Stlth    +.........             (no amulet)
HPRegen  0.00/turn              (no ring)
MPRegen  0.08/turn              (no ring)

@: petrified, rotting
A: rotting body, claws 1, carnivore, cold resistance 1, negative energy
resistance 3, inhibited regeneration, torment resistance, unbreathing
a: Renounce Religion


You were on level 2 of the Dungeon.
You worshipped Dithmenos.
Dithmenos was noncommittal.
You were not hungry.

You visited 1 branch of the dungeon, and saw 2 of its levels.

You collected 87 gold pieces.

Inventory:

Hand Weapons
 a - a +0 rapier (weapon)
Missiles
 d - 3 throwing nets (quivered)
Armour
 b - a +0 leather armour (worn)
 c - a +0 helmet (worn)
 n - a +0 pair of gloves (worn)
Scrolls
 e - 2 scrolls of teleportation {unknown}
 h - a scroll of amnesia {unknown}
 k - 2 scrolls of remove curse {unknown}
 m - 2 scrolls of magic mapping {unknown}
 o - 3 scrolls of identify {unknown}
 q - a scroll of blinking {unknown}
Potions
 i - 2 potions of berserk rage {unknown}
 j - a potion of brilliance {unknown}
 l - a potion of haste {unknown}
 p - a potion of ambrosia {unknown}
Comestibles
 f - 4 rations


   Skills:
 + Level 2.4 Fighting
 + Level 3.4 Short Blades
 - Level 1.7 Throwing
 + Level 1.3 Armour
 + Level 3.2 Dodging


You had 3 spell levels left.
You didn't know any spells.
Your spell library was empty.

Dungeon Overview and Level Annotations

Branches:
Dungeon (2/15)

Altars:
Dithmenos
Trog
Yredelemnul

Annotations:
D:2 Crazy Yiuf


Innate Abilities, Weirdness & Mutations

Your body is rotting away.
You thrive on raw meat.
You are immune to poison.
You have sharp fingernails.
You are carnivorous and can eat meat at any time.
Your flesh is cold resistant. (rC+)
You are immune to negative energy. (rN+++)
You do not regenerate when monsters are visible.
You are immune to unholy pain and torment.
You can survive without breathing.


Message History

Crazy Yiuf burns you.
Your limbs are stiffening.
You feel much better.
Crazy Yiuf hits you with a +4 quarterstaff of chaos.
You convulse.
You have turned to stone.
Crazy Yiuf grits, "Announcement canine arm!"
Crazy Yiuf hits you but does no damage.
Crazy Yiuf says, "Citrus!
Goldfish seventy turtle."
Crazy Yiuf hits you with a +4 quarterstaff of chaos.
You blink.
You feel less confused.
Crazy Yiuf whimpers, "Trifle poople green!"
Crazy Yiuf hits you with a +4 quarterstaff of chaos.
You are electrocuted!!
* * * LOW HITPOINT WARNING * * *
Crazy Yiuf zaps a wand.
The puff of flame hits you.
* * * LOW HITPOINT WARNING * * *
Crazy Yiuf hits you with a +4 quarterstaff of chaos!
* * * LOW HITPOINT WARNING * * *
Crazy Yiuf hits you with a +4 quarterstaff of chaos.
You die...

### #.############.# #.# ..# #.#
#.# #.# #.# #.# #.########.##
#.######.# #............
.......### ##########.## #.####.#
######.## #.####.#
♣♣♣♣♣####........ .....#.# ###
♣♣♣.♣..#....####.## ...#.#.#
#...#♣g@♣........# #... #..#.#.#
#...'.♣♣♣♣.......# ##### #..#...#
#)..#♣♣ ♣♣.#....###(..( #..###(#
### ♣♣###.....(### #..###)#
#..##### # ....÷..# ##..#######
##.###.################..........
#.# #...........................
#.# #.##.#########.......#######


You could see Crazy Yiuf.

Vanquished Creatures
  An adder (D:2)
  2 oozes (D:1)
  A dart slug (D:1)
  2 leopard geckos (D:2)
  2 giant cockroaches (D:2)
  5 goblins
  9 hobgoblins
  A quokka (D:2)
  3 bats
  A frilled lizard (D:2)
  5 kobolds
  4 rats
36 creatures vanquished.

Notes
Turn   | Place    | Note
-------+----------+-------------------------------------------
     0 | D:1      | Borgoz the Ghoul Gladiator began the quest for the Orb.
     0 | D:1      | Reached XP level 1. HP: 17/17 MP: 0/0
   257 | D:1      | Reached XP level 2. HP: 12/24 MP: 1/1
   377 | D:1      | Reached XP level 3. HP: 11/30 MP: 2/2
   911 | D:2      | Found a basalt altar of Yredelemnul.
  1024 | D:2      | Reached skill level 1 in Armour
  1095 | D:2      | Found a bloodstained altar of Trog.
  1200 | D:2      | Found a shadowy altar of Dithmenos.
  1359 | D:2      | Became a worshipper of Dithmenos the Shadowed
  1378 | D:2      | Reached XP level 4. HP: 24/37 MP: 3/3
  1587 | D:2      | Found a runed translucent door.
  1588 | D:2      | Noticed Crazy Yiuf
  1832 | D:2      | Slain by Crazy Yiuf

Skill      XL: |  1  2  3 |
---------------+----------+-----
Dodging        | 3 |  3.2
Short Blades   | 3 |  3.4
Armour         | 1 |  1.3
Fighting       | |  2.4
Throwing       | |  1.7

Action                   |  1- 3 |  4- 6 || total
-------------------------+-------+-------++-------
Melee: Rapier            |   114 |    20 ||   134
  Use: Potion            |       |     2 ||     2
  Eat: Chunk             |    17 |       ||    17
Armor: Leather armour    |    33 |     4 ||    37
Dodge: Dodged            |    62 |    10 ||    72
